 Dungeon Crawl Stone Soup version 0.25-a0-632-g7713895373 (webtiles) character file.

Game seed: 11221390281569462344, levelgen mode: deterministic

79 Esekla the Charmwright (level 4, 34/34 HPs)
             Began as a Demonspawn Skald on Mar 19, 2020.
             Was a Follower of Fedhas.
             Got out of the dungeon alive.
             The game lasted 00:09:02 (1576 turns).

Esekla the Charmwright (Demonspawn Skald)           Turns: 1576, Time: 00:09:03

Health: 34/34      AC:  4    Str: 11    XL:     4   Next: 16%
Magic:  7/7        EV: 12    Int: 15    God:    Fedhas [*.....]
Gold:   61         SH:  0    Dex: 13    Spells: 2/7 levels left

rFire    . . .     SeeInvis .   e - +0 short sword (elec)
rCold    + . .     Gourm    .   (no shield)
rNeg     . . .     Faith    .   b - +0 leather armour
rPois    .         Spirit   +   i - +0 helmet
rElec    .         Reflect  .   s - scarf {Spirit}
rCorr    .         Harm     .   (no gloves)
MR       .....                  (no boots)
Stlth    +.........             (no amulet)
HPRegen  0.11/turn              f - ring of protection from cold
MPRegen  0.10/turn              (no ring)

@: no status effects
A: claws 2, powered by pain 1
a: Renounce Religion


You escaped.
You worshipped Fedhas.
Fedhas was aware of your devotion.
You were not hungry.

You visited 1 branch of the dungeon, and saw 3 of its levels.

You collected 61 gold pieces.

Inventory:

Hand Weapons
 a - a +0 falchion
 e - a +0 short sword of electrocution (weapon)
 n - a +2 vampiric dagger
Armour
 b - a +0 leather armour (worn)
 i - a +0 helmet (worn)
 l - a +0 cloak
 s - a scarf of spirit shield (worn)
Jewellery
 f - a ring of protection from cold (left claw)
 k - an uncursed ring of fire
Scrolls
 c - a scroll of remove curse
 h - a scroll of blinking {unknown}
 m - a scroll of fog {unknown}
 o - a scroll of identify {unknown}
 q - a scroll of random uselessness {unknown}
Potions
 g - a potion of flight {unknown}
 j - a potion of resistance {unknown}
 p - 2 potions of ambrosia {unknown}
 r - a potion of haste {unknown}
Comestibles
 d - 5 rations


   Skills:
 * Level 2.5 Fighting
 + Level 0.3(1.4) Short Blades
 * Level 2.3(2.4) Long Blades
 + Level 1.5 Armour
 + Level 2.1 Dodging
 + Level 2.1 Spellcasting
 + Level 3.3 Charms
 + Level 0.1 Translocations


You had 2 spell levels left.
You knew the following spells:

 Your Spells              Type           Power        Failure   Level  Hunger
a - Infusion              Chrm           ##..         8%          1    #......
b - Shroud of Golubria    Chrm/Tloc      #.....       22%         2    ###....
c - Song of Slaying       Chrm           ##......     11%         2    ###....

Your spell library contained the following spells:

 Spells                   Type           Power        Failure   Level  Hunger
 Ozocubu's Armour         Chrm/Ice       #.......     41%         3    ###....
 Spectral Weapon          Hex/Chrm       #.......     41%         3    ###....


Dungeon Overview and Level Annotations

Branches:
Dungeon (3/15)

Altars:
Ashenzari
Fedhas


Innate Abilities, Weirdness & Mutations

You have very sharp fingernails.
You sometimes gain a little power by taking damage.


Message History

You see here a kobold skeleton.
You see here a kobold skeleton.
You see here a rat skeleton.
Things that are here:
a +0 hand axe; a +0 ring mail; an orc skeleton
There is a stone staircase leading up here.
You climb upwards.
There is a stone staircase leading down here.
(D) Dungeon
Where to? (Enter - D:2, ? - help)
There is an open door here.
There is a stone staircase leading up here.
You climb upwards.
There is a stone staircase leading down here.
Found a metallic golden potion.
p - 2 metallic golden potions (gained 1)
There is an open door here.
There is a staircase leading out of the dungeon here.
Are you sure you want to leave the Dungeon?
This will make you lose the game!
You have escaped!

.####.#.....#...################.
## #...........##...............
### ###.#######.#............####
..## #.# #...............#
#..####.########..............#
##..##..............=.........#
.##.##........#####.#####.....#
.##...........#...#.#...#.....# #
.#####........#.@.#.'...#....## #
.## #........#...#.#...#...## #
..####........##'##.#####.### #
........)...#.............# #
.##.........#.#####.##'##.#######
###..>........#...#.#...#........
#........)..#...'(#.>.#..######
#.........#.#...#.#...#..#
#.........#.#####.#####.##


There were no monsters in sight!

Vanquished Creatures
  3 adders
  2 worms (D:2)
  A leopard gecko (D:2)
  An orc (D:3)
  3 giant cockroaches
  4 hobgoblins
  3 jackals (D:3)
  8 kobolds
  A quokka (D:2)
  5 bats
  4 frilled lizards
  5 goblins
  7 rats
47 creatures vanquished.

Notes
Turn   | Place    | Note
-------+----------+-------------------------------------------
     0 | D:1      | Esekla the Demonspawn Skald began the quest for the Orb.
     0 | D:1      | Reached XP level 1. HP: 16/16 MP: 3/3
   318 | D:2      | Reached skill level 3 in Charms
   321 | D:2      | Gained mutation: You have sharp fingernails. [demonic
                  | ancestry]
   321 | D:2      | Reached XP level 2. HP: 16/22 MP: 5/5
   774 | D:2      | Reached skill level 1 in Armour
   774 | D:2      | Gained mutation: You have very sharp fingernails. [demonic
                  | ancestry]
   774 | D:2      | Reached XP level 3. HP: 11/27 MP: 6/6
   778 | D:2      | Learned a level 2 spell: Shroud of Golubria
   781 | D:2      | Learned a level 2 spell: Song of Slaying
  1334 | D:3      | Found a shattered altar of Ashenzari.
  1362 | D:3      | Gained mutation: You sometimes gain a little power by
                  | taking damage. [demonic ancestry]
  1362 | D:3      | Reached XP level 4. HP: 33/34 MP: 7/7
  1374 | D:3      | Found a faded altar of an unknown god.
  1385 | D:3      | Became a worshipper of Fedhas Madash
  1385 | D:3      | Reached * piety under Fedhas
  1576 | D:$      | Got out of the dungeon alive.

Levels and vault maps discovered:
D:1:      minmay_arrival_four_houses, layout_rooms
D:2:      layout_basic, kennysheep_cross_room, minmay_pentomino_q4
D:3:      layout_loops_ring, chequers_ecumenical_altar_island,
          cheibrodos_ashenzari_chains

Skill      XL: |  1  2 |
---------------+-------+-----
Charms         | 3 |  3.3
Long Blades    | 2 |  2.3
Dodging        | 2 |  2.1
Armour         | 1 |  1.5
Fighting       | |  2.5
Short Blades   | |  0.3
Spellcasting   | |  2.1
Translocations | |  0.1

Action                   |  1- 3 |  4- 6 || total
-------------------------+-------+-------++-------
Melee: Short sword       |   113 |    11 ||   124
       Falchion          |     6 |       ||     6
 Cast: Song of Slaying   |     1 |       ||     1
  Use: Scroll            |     2 |       ||     2
  Eat: Chunk             |     1 |     1 ||     2
Armor: Leather armour    |    35 |     5 ||    40
Dodge: Dodged            |    87 |     7 ||    94
       Rpst.: Falchion   |     1 |       ||     1

Table legend:
 A = Non-vault XP
 B = Vault XP
 C = Vault XP percentage of total XP
 D = Non-vault monster count
 E = Vault monster count
 F = Vault count percentage of total count
                 A         B        C        D         E       F
            +---------+---------+-------+---------+---------+-------
      Total |     107 |       6 |   5.3 |      44 |       3 |   6.4
            +---------+---------+-------+---------+---------+-------
        D:1 |      15 |       0 |   0.0 |      12 |       0 |   0.0
        D:2 |      36 |       6 |  14.3 |      12 |       3 |  20.0
        D:3 |      56 |       0 |   0.0 |      20 |       0 |   0.0
            +---------+---------+-------+---------+---------+-------
